 Dungeon Crawl Stone Soup version 0.20.0-14-g326068f (webtiles) character file.

144 Hasart the Sneak (level 5, -1/24 HPs)
             Began as a Spriggan Enchanter on June 8, 2017.
             Was an Initiate of Gozag.
             Killed from afar by an orc wizard (5 damage)
             ... with a puff of flame
             ... on level 4 of the Dungeon.
             The game lasted 00:08:14 (3725 turns).

Hasart the Sneak (Spriggan Enchanter)               Turns: 3725, Time: 00:08:18

Health: -1/24      AC:  2    Str:  4    XL:     5   Next: 5%
Magic:  3/11       EV: 17    Int: 18    God:    Gozag
Gold:   285        SH:  0    Dex: 16    Spells: 4/10 levels left

rFire    . . .     SeeInvis +   a - +1 dagger
rCold    . . .     Gourm    .   (shield restricted)
rNeg     . . .     Faith    .   b - +0 robe
rPois    .         Spirit   .   (helmet restricted)
rElec    .         Reflect  .   (no cloak)
rCorr    .         Harm     .   (gloves unavailable)
MR       .....                  (boots unavailable)
Stlth    ++++......             (no amulet)
Regen    0.1/turn               p - ring of stealth
MPRegen  0.2/turn               (no ring)

@: gold aura, drained, very quick
A: unfitting armour, see invisible, herbivore 3, speed 3, slow metabolism 2
a: Potion Petition, Call Merchant, Bribe Branch, Renounce Religion


You were on level 4 of the Dungeon.
You worshipped Gozag.
Gozag was aware of your devotion.
You were hungry.

You visited 1 branch of the dungeon, and saw 4 of its levels.

You collected 302 gold pieces.
You paid 17 gold pieces to Gozag.

Inventory:

Hand Weapons
 a - a +1 dagger (weapon)
Armour
 b - a +0 robe (worn)
Jewellery
 p - a ring of stealth (left hand)
Scrolls
 e - 4 scrolls of teleportation {unknown}
 f - a scroll of random uselessness {unknown}
 i - a scroll of immolation {unknown}
 l - a scroll of identify {unknown}
 m - a scroll of fear {unknown}
 s - a scroll of enchant weapon {unknown}
 t - a scroll of remove curse {unknown}
 u - 2 scrolls of blinking {unknown}
Potions
 g - 2 potions of invisibility {unknown}
 j - a potion of degeneration {unknown}
 k - a potion of brilliance {unknown}
 n - a potion of lignification {unknown}
 o - 2 potions of agility {unknown}
 q - a potion of flight {unknown}
 r - a potion of curing {unknown}
Books
 c - a book of Maledictions

   Spells                             Type                      Level
   a - Corona                         Hexes                        1
   b - Ensorcelled Hibernation        Hexes/Ice                    2
   c - Confuse                        Hexes                        3
   d - Tukima's Dance                 Hexes                        3
   e - Dazzling Spray                 Conjuration/Hexes            3
Comestibles
 d - 3 bread rations


   Skills:
 * Level 3.1(2.0) Short Blades
 + Level 3.5(2.4) Dodging
 + Level 5.1(4.0) Stealth
 + Level 3.4(2.4) Spellcasting
 * Level 5.0(3.9) Hexes


You had 4 spell levels left.
You knew the following spells:

 Your Spells              Type           Power        Failure   Level  Hunger
a - Confuse               Hex            ###.....     11%         3    ###....
b - Corona                Hex            ###....      3%          1    #......
c - Ensorcelled Hibernat  Hex/Ice        #.....       12%         2    ##.....


Dungeon Overview and Level Annotations

Branches:
Dungeon (4/15)
 Temple: D:4-7

Altars:
Gozag
Nemelex Xobeh


Innate Abilities, Weirdness & Mutations

You are very small and have problems with some larger weapons.
You are too small for most types of armour.
You have supernaturally acute eyesight. (SInv)
You are a herbivore.
You cover ground extremely quickly.
You need consume almost no food.


Message History

Confirm with . or Enter, or press ? or * to list all spells.
Aiming: Confuse
Press: ? - help, Shift-Dir - straight line, f - orc wizard
Aim: an orc wizard, wielding a dagger and wearing a robe (chance to defeat MR: 47%)
The orc wizard resists with some effort.
The orc hits you with a falchion.
* * * LOW HITPOINT WARNING * * *
The orc wizard hits you but does no damage.
Casting: Confuse
Confirm with . or Enter, or press ? or * to list all spells.
Aiming: Confuse
Press: ? - help, Shift-Dir - straight line, f/p - orc wizard
Aim: an orc wizard, wielding a dagger and wearing a robe (chance to defeat MR: 47%)
The orc wizard resists with some effort.
The orc hits you with a falchion.
* * * LOW HITPOINT WARNING * * *
The orc wizard casts a spell at you. The puff of flame hits you!
You die...
Your body crumbles into a pile of gold.

..)......#.....#
.........#.....#
##+###+###.....# .
...............# ..
...............####+#...
........................
........................
....##'###......oo...##
....#....#......@....#
....#....#...........#
....######...........#
....#....#....####'###
....#....#....# ..
....#....#....# ..#
....#....#....# .#
....##..##....# ..
#....#..#....##


You could see an orc wizard and an orc.

Vanquished Creatures
  An orc wizard (D:4)
  3 adders
  An adder skeleton (D:4)
  A worm (D:2)
  3 dart slugs
  5 leopard geckos
  7 orcs (D:4)
  2 giant cockroaches
  6 goblins
  6 hobgoblins
  3 jackals (D:1)
  A quokka (D:3)
  A ball python (D:4)
  11 bats
  5 frilled lizards
  6 kobolds
  3 rats (D:1)
65 creatures vanquished.

Notes
Turn   | Place    | Note
-------+----------+-------------------------------------------
     0 | D:1      | Hasart the Spriggan Enchanter began the quest for the Orb.
     0 | D:1      | Reached XP level 1. HP: 9/9 MP: 5/5
   408 | D:1      | Reached XP level 2. HP: 9/13 MP: 6/6
   420 | D:1      | Learned a level 2 spell: Ensorcelled Hibernation
  1465 | D:2      | Reached XP level 3. HP: 16/16 MP: 0/8
  1862 | D:2      | Learned a level 3 spell: Confuse
  1879 | D:2      | Found an opulent altar of Gozag.
  1880 | D:2      | Found a sparkling altar of Nemelex Xobeh.
  1887 | D:2      | Became a worshipper of Gozag Ym Sagoz the Greedy
  2239 | D:3      | Reached XP level 4. HP: 18/21 MP: 9/9
  2829 | D:3      | Reached skill level 5 in Stealth
  3544 | D:4      | Reached skill level 5 in Hexes
  3544 | D:4      | Reached XP level 5. HP: 6/24 MP: 0/11
  3544 | D:4      | HP: 1/24 [iguana (1)]
  3725 | D:4      | Killed from afar by an orc wizard

Skill      XL: |  1  2  3  4 |
---------------+-------------+-----
Hexes          | 4 5 |  5.0
Short Blades   | 2 3 |  3.1
Spellcasting   | 3 |  3.4
Stealth        | 5 |  5.1
Dodging        | |  3.5

Action                   |  1- 3 |  4- 6 || total
-------------------------+-------+-------++-------
Melee: Dagger            |   132 |   143 ||   275
 Cast: Ensorcelled Hiber |     9 |     1 ||    10
       Confuse           |       |     9 ||     9
 Stab: Sleeping          |    12 |     8 ||    20
       Distracted        |     1 |     1 ||     2
       Confused          |       |     2 ||     2
  Eat: Royal jelly       |       |     1 ||     1
Armor: Robe              |    13 |    15 ||    28
Dodge: Dodged            |   104 |   129 ||   233
